 Dungeon Crawl Stone Soup version 0.30.1-9-gdf580d7c3d (webtiles) character file.

Game seed: 375312124414515987

24586 Anriel the Spear-Bearer (level 13, 0/109 HPs)
             Began as a Naga Gladiator on Oct 2, 2023.
             Was a High Priest of Okawaru.
             Slain by a deep troll earth mage (12 damage)
             ... on level 13 of the Dungeon on Oct 3, 2023.
             The game lasted 01:17:24 (12054 turns).

Anriel the Spear-Bearer (Naga Gladiator)           Turns: 12054, Time: 01:17:24

Health: 0/109      AC: 30    Str: 26    XL:     13   Next: 14%
Magic:  14/20      EV: 13    Int: 10    God:    Okawaru [*****.]
Gold:   574        SH:  0    Dex: 13    Spells: 12/12 levels left

rFire   + . .        z - +2 scythe (freeze)
rCold   + . .        (shield currently unavailable)
rNeg    . . .        L - +0 plate armour
rPois   +            t - +2 helmet {SInv}
rElec   +            s - +2 cloak
rCorr   +            u - +1 Delatra's gloves {ID++}
SInv    +            a - +0 barding
Will    +....        c - amulet of the acrobat Stlth
                     y - +5 ring of evasion
HPRegen 0.38/turn    F - +6 ring of strength
MPRegen 0.17/turn

%: acrobat
@: mighty, lethally poisoned (0 -> -8), about to teleport, resistant, heroic,
finesse-ful, very slow
A: AC +4, large, see invisible, deformed body, poison resistance, slowness 2,
spit poison 1, naga tail 2
a: Spit Poison, Renounce Religion, Heroism, Finesse, Duel


You were on level 13 of the Dungeon.
You worshipped Okawaru.
Okawaru was extremely pleased with you.
You visited 2 branches of the dungeon, and saw 14 of its levels.

You collected 868 gold pieces.
You spent 294 gold pieces at shops.

Inventory:

Hand Weapons
 z - a +2 scythe of freezing (weapon)
 B - a +3 vampiric spear
 C - a +4 trident of protection
 N - a +0 great sword of distortion
Missiles
 d - 4 throwing nets
 e - 11 javelins
 A - 6 boomerangs (quivered)
Armour
 a - a +0 barding (worn)
 p - the +2 leather armour "Tuqa Posk" {Int+3}
   (You found it on level 3 of the Dungeon)

   Int:       It affects your intelligence (+3).
 s - a +2 cloak (worn)
 t - a +2 helmet of see invisible (worn)
 u - the +1 Delatra's gloves (worn) {ID++}
   (You found it on level 4 of the Dungeon)

   ID++:      It heals its wearer when they drink unknown potions, and restores
   their MP when they read unknown scrolls.
 x - the +0 leather armour "Ygisublo" {rN+}
   (You found it on level 7 of the Dungeon)

   rN:        It protects you from negative energy.
 E - a +0 tower shield
 L - a +0 plate armour (worn)
 O - a +0 troll leather armour
 R - the scarf of Negligence {shadows, MP+9 Dex+3}
   (Okawaru gifted it to you on level 13 of the Dungeon)

   Dex:       It affects your dexterity (+3).
   MP:        It affects your magic capacity (+9).
Jewellery
 c - an amulet of the acrobat (around neck)
 k - a ring of magical power
 n - a ring of positive energy
 y - a +5 ring of evasion (left hand)
 D - a ring of wizardry
 F - a +6 ring of strength (right hand)
 G - a ring of protection from cold
 H - an amulet of faith
 M - a ring of fire
 Q - a +6 ring of intelligence
Wands
 m - a wand of flame (64)
 w - a wand of roots (3)
 I - a wand of quicksilver (12)
 J - a wand of digging (14)
Scrolls
 b - 2 scrolls of teleportation
 q - 2 scrolls of magic mapping
 v - 3 scrolls of fog
 K - 2 scrolls of poison
Potions
 f - 8 potions of lignification
 g - 4 potions of haste
 i - 4 potions of invisibility
 j - 3 potions of curing
 l - 3 potions of might
 o - 2 potions of berserk rage
 r - 2 potions of cancellation
 T - a potion of flight
Miscellaneous
 P - a lightning rod (4/4)


   Skills:
 - Level 5.0(10.0) Fighting
 + Level 13.6(18.6) Polearms
 - Level 5.0(10.0) Throwing
 * Level 7.5(12.5) Armour
 * Level 7.5(12.5) Dodging
 - Level 10.0 Invocations
 - Level 5.0 Evocations


You had 12 spell levels left.
You didn't know any spells.
Your spell library contained the following spells:

 Spells                   Type           Power      Damage    Failure   Level
 Foxfire                  Conj/Fire      0%         2x1d4     97%         1
 Freeze                   Ice            0%         1d3       97%         1
 Magic Dart               Conj           0%         1d3       97%         1
 Shock                    Conj/Air       0%         1d3       97%         1
 Blink                    Tloc           0%         N/A       99%         2
 Ensorcelled Hibernation  Hex/Ice        0%         N/A       99%         2
 Lesser Beckoning         Tloc           0%         N/A       99%         2
 Momentum Strike          Conj/Tloc      0%         3d8       99%         2
 Passwall                 Tmut/Erth      0%         N/A       99%         2
 Searing Ray              Conj           0%         2d4       99%         2
 Dazzling Flash           Conj/Hex       0%         N/A       100%        3
 Frozen Ramparts          Ice            0%         1d1       100%        3
 Hailstorm                Conj/Ice       0%         3d3       100%        3
 Ozocubu's Armour         Ice            0%         N/A       100%        3
 Swiftness                Air            0%         N/A       100%        3
 Volatile Blastmotes      Fire/Tloc      0%         2d10      100%        3
 Airstrike                Air            0%         2d(0-16)  100%        4
 Fulminant Prism          Conj/Hex       0%         3d5       100%        4
 Iskenderun's Mystic Bla  Conj/Tloc      0%         2d3       100%        4
 Passage of Golubria      Tloc           0%         N/A       100%        4
 Borgnjor's Vile Clutch   Necr/Erth      0%         N/A       100%        5
 Fireball                 Conj/Fire      0%         3d3       100%        5
 Silence                  Hex/Air        0%         N/A       100%        5
 Eringya's Noxious Bog    Tmut/Pois      0%         N/A       100%        6
 Plasma Beam              Fire/Air       0%         2x1d11    100%        6
 Starburst                Conj/Fire      0%         6d3       100%        6
 Ozocubu's Refrigeration  Ice            0%         4d7       100%        7
 Borgnjor's Revivificati  Necr           0%         N/A       100%        8
 Lehudib's Crystal Spear  Conj/Erth      0%         10d2      100%        8
 Necromutation            Tmut/Necr      0%         N/A       100%        8
 Death's Door             Necr           0%         N/A       100%        9
 Animate Dead             Necr           Unusable   N/A       N/A         4
 Summon Forest            Summ/Tloc      Unusable   N/A       N/A         5
 Death Channel            Necr           Unusable   N/A       N/A         6
 Summon Hydra             Summ           Unusable   N/A       N/A         7

Dungeon Overview and Level Annotations

Branches:
Dungeon (13/15)            Temple (1/1) D:7            Lair (0/5) D:9
    Orc (0/2) D:12         Vaults (0/5) D:13

Altars:
Ashenzari
Cheibriados
Dithmenos
Elyvilon
Fedhas
Gozag
Hepliaklqana
Kikubaaqudgha
Makhleb
Nemelex Xobeh
Okawaru
Qazlal
Ru
Sif Muna
Trog
Uskayaw
Vehumet
Wu Jian
Xom
Yredelemnul
Zin
The Shining One

Shops:
D:2 (   D:5 :   D:6 (   D:7 *

Annotations:
D:7 3 runed translucent doors, laros's ghost, novice MiBe
D:13 1 transporter


Innate Abilities, Weirdness & Mutations

Your serpentine skin is tough. (AC +4)
You have supernaturally acute eyesight. (SInv)
Armour fits poorly on your strangely shaped body.
Your system is resistant to poisons. (rPois)
You cover ground very slowly.
You can spit poison.
You can use your snake-like lower body to constrict enemies.


Message History

You feel sick.
The deep troll earth mage points next to you and mumbles some strange words.
Some rock shatters into small pieces.
The deep troll earth mage points next to the ogre mage and mumbles some strange words.
Some rock shatters into small pieces.
The queen bee barely misses you.
You impale the queen bee!! You freeze the queen bee.
Your grab misses the queen bee.
The queen bee is severely wounded.
You feel sick. The shadow hits you.
You completely miss the queen bee. Your grab misses the queen bee.
The queen bee is severely wounded.
You feel sick. The centaur warrior hits you!
* * * LOW HITPOINT WARNING * * *
The centaur warrior kicks you but does no damage.
Unknown command.
You slash the queen bee! You freeze the queen bee.
You kill the queen bee!
Okawaru accepts your kill.
You feel sick.
The centaur warrior wields a +0 shortbow.
The centaur warrior shoots an arrow.
The arrow hits you!
* * * LOW HITPOINT WARNING * * *
The ogre mage misses you.
The deep troll earth mage casts a spell next to the centaur warrior.
Some rock shatters into small pieces.
As you read the scroll of teleportation, it crumbles to dust.
You feel strangely unstable.
You feel very sick. The centaur warrior barely misses you.
The centaur warrior kicks you but does no damage.
The shadow closely misses you.
The deep troll earth mage bites you but does no damage.
The deep troll earth mage barely misses you.
The deep troll earth mage claws you but does no damage.
The two-headed ogre misses you.
The two-headed ogre hits you but does no damage.
The deep troll earth mage misses you.
The deep troll earth mage claws you but does no damage.
The deep troll earth mage claws you!
You die...

# #.##.##.##....©....#
##...## #
#.......##.........#######'##
#
####.#####.........#......)#
# #.# #.........#######.####
# #.# ##.........## ##..... #
#.# ###.##..#.##### ##...##.
# #.# ###.###..######
#.....#. # #.#
#.#.###..####.# ##...##>
######.# #.#Tz#T@Tl###.#
#....... .^.....#
#...cccOWOT...# ###..###
######## #..O.#ycW##...#
#....### #..#..#..#W...#
###..... #..##......#..#
#.#### #..###....##..# #.#
### #.#####..####.# #.#
..###### ######.>..##### #.#
.......# #.#


You could see a yaktaur captain, a skeletal warrior, a flayed ghost, 3 centaur
warriors, a two-headed ogre, 2 ogre magi, 3 deep troll earth magi, a troll, a
basilisk, a wraith, a vampire mosquito and a shadow.

Vanquished Creatures
  A sphinx (D:13)
  A war gargoyle (D:13)
  A hydra (D:13)
  Harold (D:9)
  An anaconda (shapeshifter) (D:13)
  A catoblepas (D:13)
  2 centaur warriors (D:13)
  A two-headed ogre (D:13)
  2 boulder beetles
  Urug (D:13)
  2 skeletal warriors
  3 manticores
  An ugly thing (D:12)
  3 slime creatures (D:13)
  A gargoyle (D:12)
  An unseen horror (D:10)
  2 komodo dragons
  A queen bee (shapeshifter) (D:13)
  5 trolls
  Sigmund (D:5)
  A shadow (D:12)
  13 yaks
  A wraith (D:10)
  16 humans (D:13)
  10 vampire mosquitoes
  3 water moccasins
  2 acid dragons
  A sky beast (D:7)
  2 ice beasts (D:8)
  6 orc warriors
  A black bear (shapeshifter) (D:9)
  An ogre (D:6)
  7 centaurs
  2 kobold brigands (D:9)
  2 bullfrogs
  A scorpion (D:5)
  2 gnoll sergeants
  12 wights (D:8)
  21 killer bees
  3 howler monkeys
  4 jellies
  4 orc priests
  2 hounds
  3 gnoll boudas
  Ijyb (D:3)
  Terence (D:3)
  10 orc wizards
  6 iguanas
  17 gnolls
  9 adders
  3 shadow imps (D:7)
  A white imp (D:5)
  3 ufetubi
  3 worms
  55 orcs
  6 endoplasms
  5 giant cockroaches
  9 goblins
  5 hobgoblins
  7 jackals
  3 quokkas
  6 ball pythons
  8 bats
  2 frilled lizards (D:1)
  12 kobolds
  5 rats
329 creatures vanquished.

Vanquished Creatures (others)
  An orc wizard (D:10)
1 creature vanquished.

Grand Total: 330 creatures vanquished

Notes
Turn   | Place    | Note
-------+----------+-------------------------------------------
     0 | D:1      | Anriel the Naga Gladiator began the quest for the Orb.
     0 | D:1      | Reached XP level 1. HP: 19/19 MP: 1/1
    68 | D:1      | Reached XP level 2. HP: 26/26 MP: 2/2
   187 | D:1      | Reached skill level 1 in Armour
   463 | D:1      | Reached XP level 3. HP: 33/33 MP: 3/3
   879 | D:2      | Found a shimmering altar of Xom.
  1138 | D:2      | Reached XP level 4. HP: 40/40 MP: 4/4
  1225 | D:2      | Found Kulyeb's Weapon Boutique.
  1519 | D:3      | Noticed Ijyb
  1534 | D:3      | Killed Ijyb
  1654 | D:3      | Identified the +2 leather armour "Tuqa Posk" {Int+3}
  1686 | D:3      | Reached XP level 5. HP: 43/45 MP: 5/5
  1757 | D:3      | Noticed Terence
  1768 | D:3      | HP: 1/45 [Terence/bolt of dispelling energy (9)]
  1772 | D:3      | Killed Terence
  2322 | D:4      | Noticed an orc warrior
  2334 | D:4      | Killed an orc warrior
  2335 | D:4      | Reached XP level 6. HP: 36/56 MP: 6/6
  2737 | D:4      | Found the +1 Delatra's gloves {ID++}
  3245 | D:5      | Entered Level 5 of the Dungeon
  3288 | D:5      | Noticed Sigmund
  3296 | D:5      | Killed Sigmund
  3297 | D:5      | Reached XP level 7. HP: 64/64 MP: 7/7
  3601 | D:5      | Reached skill level 5 in Armour
  3601 | D:5      | Reached XP level 8. HP: 73/73 MP: 8/8
  3770 | D:5      | Reached skill level 5 in Fighting
  3774 | D:5      | Reached skill level 4 in Polearms
  3914 | D:5      | Found Omnaecupn's Book Shop.
  4347 | D:2      | Bought a +2 vampiric spear for 294 gold pieces
  4743 | D:6      | Found Fufuthry's Antique Weapon Emporium.
  4853 | D:6      | Reached skill level 5 in Throwing
  5129 | D:7      | Reached skill level 5 in Polearms
  5162 | D:7      | Reached skill level 1 in Evocations
  5237 | D:7      | Noticed laros's ghost (novice MiBe)
  5240 | D:7      | Noticed a white ugly thing
  5247 | D:7      | Found a runed translucent gate.
  5247 | D:7      | Found a runed translucent gate.
  5247 | D:7      | Found a runed translucent gate.
  5270 | D:7      | Identified the +0 leather armour "Ygisublo" {rN+}
  5461 | D:7      | Found Nyel Syu's Fire Supplies.
  5504 | D:7      | Reached XP level 9. HP: 75/81 MP: 9/9
  5557 | D:7      | Found a staircase to the Ecumenical Temple.
  5563 | Temple   | Entered the Ecumenical Temple
  5568 | Temple   | Became a worshipper of Warmaster Okawaru
  6016 | D:7      | Reached skill level 6 in Polearms
  6388 | D:8      | Reached * piety under Okawaru
  6389 | D:8      | Reached skill level 7 in Polearms
  6760 | D:8      | Reached skill level 8 in Polearms
  6826 | D:8      | Reached ** piety under Okawaru
  6827 | D:8      | Reached XP level 10. HP: 73/87 MP: 10/10
  7180 | D:9      | Reached skill level 5 in Dodging
  7190 | D:9      | Reached skill level 1 in Invocations
  7195 | D:9      | Reached skill level 5 in Evocations
  7207 | D:9      | Reached skill level 9 in Polearms
  7524 | D:9      | Reached *** piety under Okawaru
  7581 | D:9      | Noticed Harold
  7590 | D:9      | Killed Harold
  7640 | D:9      | Found a staircase to the Lair.
  7841 | D:9      | Noticed a skeletal warrior
  7858 | D:9      | Killed a skeletal warrior
  7859 | D:9      | Reached skill level 10 in Polearms
  7859 | D:9      | Reached skill level 5 in Invocations
  7905 | D:9      | Noticed a cane toad
  7911 | D:9      | a cane toad changed into a black bear
  8072 | D:9      | Reached **** piety under Okawaru
  8107 | D:9      | Reached XP level 11. HP: 81/94 MP: 15/15
  8356 | D:10     | Entered Level 10 of the Dungeon
  8635 | D:10     | Found a radiant altar of Vehumet.
  8644 | D:10     | Reached skill level 11 in Polearms
  8649 | D:10     | Found a glowing golden altar of the Shining One.
  8687 | D:10     | Reached ***** piety under Okawaru
  9064 | D:11     | Noticed a boulder beetle
  9078 | D:11     | Killed a boulder beetle
  9078 | D:11     | Received a gift from Okawaru
  9182 | D:11     | Noticed a manticore
  9192 | D:11     | Killed a manticore
  9217 | D:11     | Found Giofrant's General Store.
  9452 | D:12     | Found a staircase to the Orcish Mines.
  9814 | D:12     | Reached skill level 12 in Polearms
 10138 | D:12     | Received a gift from Okawaru
 10333 | D:12     | Noticed a white ugly thing
 10341 | D:12     | Killed a white ugly thing
 10404 | D:13     | Noticed a two-headed ogre
 10404 | D:13     | Noticed Urug
 10404 | D:13     | Noticed a skeletal warrior
 10404 | D:13     | Noticed a centaur warrior
 10404 | D:13     | Found a gate to the Vaults.
 10488 | D:13     | Noticed a manticore
 10506 | D:13     | Killed a manticore
 10506 | D:13     | Identified the scarf of Negligence {shadows, MP+9 Dex+3}
                  | (Okawaru gifted it to you on level 13 of the Dungeon)
 10506 | D:13     | Received a gift from Okawaru
 10686 | D:13     | Killed a two-headed ogre
 10687 | D:13     | Reached XP level 12. HP: 74/103 MP: 19/19
 10745 | D:13     | Found a transporter.
 10760 | D:13     | Noticed a catoblepas
 10780 | D:13     | Killed a catoblepas
 10781 | D:13     | Reached skill level 10 in Invocations
 10842 | D:13     | Noticed a boulder beetle
 11085 | D:13     | Killed Urug
 11091 | D:13     | Noticed an anaconda
 11119 | D:13     | Reached skill level 13 in Polearms
 11125 | D:13     | Killed an anaconda
 11202 | D:13     | Killed a centaur warrior
 11239 | D:13     | Killed a boulder beetle
 11651 | D:13     | Noticed a centaur warrior
 11667 | D:13     | Killed a centaur warrior
 11667 | D:13     | Received a gift from Okawaru
 11679 | D:13     | Found a transporter.
 12015 | D:13     | Noticed a deep troll earth mage
 12015 | D:13     | Noticed a deep troll earth mage
 12019 | D:13     | Noticed a centaur warrior
 12019 | D:13     | Noticed a yaktaur captain
 12020 | D:13     | Noticed a sphinx
 12020 | D:13     | Noticed an ogre mage
 12020 | D:13     | Noticed a centaur warrior
 12021 | D:13     | Noticed an ogre mage
 12022 | D:13     | Noticed a centaur warrior
 12024 | D:13     | Noticed a six-headed hydra
 12024 | D:13     | Noticed a deep troll earth mage
 12025 | D:13     | Noticed a two-headed ogre
 12026 | D:13     | Noticed a war gargoyle
 12038 | D:13     | Killed an 11-headed hydra
 12038 | D:13     | Received a gift from Okawaru
 12039 | D:13     | Gained mutation: You can use your snake-like lower body to
                  | constrict enemies. [Naga growth]
 12039 | D:13     | Reached XP level 13. HP: 99/109 MP: 13/20
 12045 | D:13     | Killed a war gargoyle
 12050 | D:13     | Killed a sphinx
 12054 | D:13     | Slain by a deep troll earth mage

Illustrated notes

Levels and vault maps discovered:
D:1:      co_arrival_hexagon_in_a_hexagon, layout_loops_ring
D:2:      layout_basic, basic_altar, serial_shops,
          nicolae_shop_bloodbath_and_beyond
D:3:      layout_rooms, uniq_terence, uniq_ijyb
D:4:      layout_basic
D:5:      layout_cave_pods, serial_shops, kennysheep_little_box,
          amcnicky_mini_pool_medium, uniq_sigmund
D:6:      layout_cave_pods, serial_shops, shop
D:7:      layout_rooms, minmay_temple_entry_hall, gammafunk_ghost_split,
          nicolae_shop_fire_sale [nicolae_sub_dead_trees]
D:8:      layout_loops_ring
D:9:      minmay_opposing_rooms, layout_loops_ring, lair_entry_dummy,
          uniq_harold
D:10:     layout_rooms, chequers_temple_overflow_statue_of_worship
D:11:     layout_cave_pools, serial_shops, shop
D:12:     layout_gridville, hiddenorc1_lemuel, statue_in_the_mist_lemuel
D:13:     gammafunk_dig_for_victory, layout_loops_corners, david_vaults_3
Temple:   nicolae_temple_bog_church

Skill      XL: |  1  2  3  4  5  6  7  8  9 10 11 12 |
---------------+-------------------------------------+-----
Throwing       | 2 3 4 5 |  5.0
Armour         | 1 2 3 4 5 7 |  7.5
Fighting       | 3 4 5 |  5.0
Polearms       | 5 8 10 12 13 | 13.6
Dodging        | 3 4 5 7 |  7.5
Evocations     | 1 4 5 |  5.0
Invocations    | 5 9 10 | 10.0

Action                     |  1- 3 |  4- 6 |  7- 9 | 10-12 | 13-15 || total
---------------------------+-------+-------+-------+-------+-------++-------
  Melee: Trident           |    81 |   145 |   122 |       |       ||   348
         Punch             |       |     1 |     4 |       |       ||     5
         Spear             |       |       |   335 |       |       ||   335
         Halberd           |       |       |    18 |   599 |    15 ||   632
         Constrict         |       |       |       |       |     1 ||     1
  Throw: Throwing net      |       |     2 |       |     2 |       ||     4
         Javelin           |       |       |    14 |    11 |       ||    25
         Boomerang         |       |       |    37 |    88 |       ||   125
 Invoke: Heroism           |       |       |       |     2 |       ||     2
         Finesse           |       |       |       |     2 |       ||     2
Ability: Spit Poison       |    26 |    37 |    39 |    51 |       ||   153
  Evoke: Lightning rod     |       |       |       |     3 |       ||     3
    Use: Scroll            |     2 |     5 |    11 |    13 |     1 ||    32
         Potion            |       |     1 |     4 |     5 |       ||    10
   Stab: Held in net/web   |       |     3 |       |     2 |       ||     5
         Petrifying        |       |       |       |     2 |       ||     2
 Armour: Leather armour    |    26 |    13 |       |       |       ||    39
         Ring mail         |     2 |       |       |       |       ||     2
         Scale mail        |       |    20 |       |       |       ||    20
         Chain mail        |       |    40 |   288 |    72 |       ||   400
         Plate armour      |       |       |       |   294 |    12 ||   306
  Dodge: Dodged            |    50 |    43 |   392 |   322 |    13 ||   820
